AoeStats
← IsraDguez

Arabia

509442601Analyzed
1v1 RM · 7d ago on Sep 26, 2026· 49m 13s· 2 players
Game mode
Random Map
Map size
Tiny (2 player)
Population
200
Speed
Normal
Resources
Standard
Victory
Conquest
Starting age
Dark Age
Ending age
Imperial Age
RankedLock teamsTeams togetherTeam positionsShared explorationLock speedFull tech treeHidden civsTurbo modeCheats
Victory
Defeat
🇨🇿 Tatars · Czechia
881
+15
🇲🇽 Maya · Mexico
861
-15
IsraDguez
0:32 Loom
9:49 Feudal Age
14:37 Fletching
19:51 Castle Age
20:38 Pikeman
22:55 Scale Mail Armor
24:03 Crossbowman
30:15 Squires
32:54 Bodkin Arrow
33:15 Chain Mail Armor
33:55 Forging
35:34 Eagle Warrior
39:59 Imperial Age
40:44 Wheelbarrow
41:28 Conscription
42:57 Plate Mail Armor
Cupra69
7:00 Loom
9:33 Feudal Age
10:32 Horse Collar
17:52 Castle Age
22:57 Forging
24:57 Elite Skirmisher
36:29 Fletching
36:40 Padded Archer Armor
37:16 Iron Casting
37:53 Bodkin Arrow
38:15 Leather Archer Armor
38:23 Ballistics
43:02 Heavy Plow
46:54 Husbandry
48:23 Scale Barding Armor
49:16 Bloodlines
Connection lost

Rejoining the realm…

Still unreachable

The connection could not be restored.

Session expired

The server has moved on; the page needs a fresh start.